MLB
WASHINGTON NATIONALS @ ATLANTA BRAVES
09/01/2041
 
TOP OF THE 1ST
Washington Nationals batting - Pitching for Atlanta Braves : RHP Desiderio Volpe
Pitching: RHP Desiderio Volpe
Batting: LHB Dana Martin 0-0: Ball
1-0: Foul Ball, location: 2F
1-1: Ball
2-1: Swinging Strike
2-2: Foul Ball, location: 3DF
2-2: Ground out 6-3 (Groundball, 6, EV 105.6 MPH)
Batting: SHB Luis Mota 0-0: Ball
1-0: Called Strike
1-1: Swinging Strike
1-2: Strikes out swinging
Batting: SHB António Villarreal 0-0: Ground out 1-3 (Groundball, 34S, EV 73.1 MPH)
Top of the 1st over - 0 runs, 0 hits, 0 errors, 0 left on base; Washington 0 - Atlanta 0
BOTTOM OF THE 1ST
Atlanta Braves batting - Pitching for Washington Nationals : RHP Ernesto Rodríguez
Pitching: RHP Ernesto Rodríguez
Batting: LHB Bob Hansen 0-0: Called Strike
0-1: Swinging Strike
0-2: Foul Ball, location: 2LF
0-2: Strikes out looking
Batting: RHB Andy Scott 0-0: Fly out, F9 (Flyball, 9LS, EV 92.5 MPH)
Batting: LHB Orlando Cháves 0-0: Called Strike
0-1: Ground out 4-3 (Groundball, 4, EV 97.5 MPH)
Bottom of the 1st over - 0 runs, 0 hits, 0 errors, 0 left on base; Washington 0 - Atlanta 0
TOP OF THE 2ND
Washington Nationals batting - Pitching for Atlanta Braves : RHP Desiderio Volpe
Batting: RHB Doug Watts 0-0: Called Strike
0-1: Ball
1-1: Ball
2-1: Swinging Strike
2-2: Strikes out swinging
Batting: LHB Brad Numbers 0-0: Ball
1-0: Called Strike
1-1: Ball
2-1: Ball
3-1: Base on Balls
Batting: SHB Dave Dulin 0-0: Ball
1-0: Foul Ball, location: 2F
1-1: Ball
2-1: Fly out, F5 (Popup, 6S, EV 68.8 MPH)
Batting: LHB Bob Mundarain 0-0: Called Strike
0-1: Swinging Strike
0-2: Ball
1-2: Foul Ball, location: 7LSF
1-2: Strikes out swinging
Top of the 2nd over - 0 runs, 0 hits, 0 errors, 1 left on base; Washington 0 - Atlanta 0
BOTTOM OF THE 2ND
Atlanta Braves batting - Pitching for Washington Nationals : RHP Ernesto Rodríguez
Batting: RHB José Felisberto 0-0: Called Strike
0-1: Foul Ball, location: 9LMF
0-2: Strikes out looking
Batting: RHB Cale Scutt 0-0: Ball
1-0: Foul Ball, location: 7LMF
1-1: Fly out, F8 (Flyball, 8RD, EV 98.8 MPH)
Batting: LHB Rob Blanchard 0-0: Ball
1-0: Foul Ball, location: 7LDF
1-1: Ball
2-1: Called Strike
2-2: Ball
3-2: Base on Balls
Batting: RHB Ted Coleman 0-0: Fly out, F7 (Line Drive, 78M, EV 96.9 MPH)
Bottom of the 2nd over - 0 runs, 0 hits, 0 errors, 1 left on base; Washington 0 - Atlanta 0
TOP OF THE 3RD
Washington Nationals batting - Pitching for Atlanta Braves : RHP Desiderio Volpe
Batting: SHB Jorge Acosta 0-0: Ball
1-0: Swinging Strike
1-1: Ground out 4-3 (Groundball, 3D, EV 97.5 MPH)
Batting: LHB Eric Tushinghem 0-0: Ball
1-0: Called Strike
1-1: Foul Ball, location: 2F
1-2: Foul Ball, location: 3F
1-2: Ball
2-2: Strikes out swinging
Batting: LHB Dana Martin 0-0: Ball
1-0: Swinging Strike
1-1: Ground out U3 (Groundball, 3, EV 88.1 MPH)
Top of the 3rd over - 0 runs, 0 hits, 0 errors, 0 left on base; Washington 0 - Atlanta 0
BOTTOM OF THE 3RD
Atlanta Braves batting - Pitching for Washington Nationals : RHP Ernesto Rodríguez
Batting: LHB Andy Simmons 0-0: Called Strike
0-1: Foul Ball, location: 7LSF
0-2: Strikes out looking
Batting: RHB Juan Cuevas 0-0: SINGLE (Line Drive, 4D, EV 96.3 MPH)
Batting: LHB Bob Hansen 0-0: Called Strike
Juan Cuevas steals 2nd base
0-1: Ball
1-1: Swinging Strike
1-2: Ball
2-2: Ball
3-2: Base on Balls
Batting: RHB Andy Scott 0-0: Ball
1-0: Ball
2-0: Foul Ball, location: 2F
2-1: Foul Ball, location: 9LSF
2-2: Strikes out swinging
Batting: LHB Orlando Cháves 0-0: Called Strike
0-1: Foul Ball, location: 25F
0-2: Strikes out swinging
Bottom of the 3rd over - 0 runs, 1 hit, 0 errors, 2 left on base; Washington 0 - Atlanta 0
TOP OF THE 4TH
Washington Nationals batting - Pitching for Atlanta Braves : RHP Desiderio Volpe
Batting: SHB Luis Mota 0-0: Ball
1-0: Ball
2-0: Ball
3-0: Base on Balls
Batting: SHB António Villarreal 0-0: Ball
1-0: Called Strike
1-1: Ball
2-1: Foul Ball, location: 2F
2-2: Ball
3-2: Fly out, F6 (Line Drive, 6, EV 71.9 MPH)
Lined into DP, 6-3 (Line Drive, 6, EV 71.9 MPH)
Batting: RHB Doug Watts 0-0: Called Strike
0-1: SINGLE (Line Drive, 34D, EV 99.4 MPH)
Batting: LHB Brad Numbers 0-0: Called Strike
Doug Watts steals 2nd base
0-1: Ball
1-1: 2-RUN HOME RUN (Flyball, 7D, EV 93.8 MPH), Distance : 361 ft
Batting: SHB Dave Dulin 0-0: Ball
1-0: Foul Ball, location: 9LMF
1-1: Fly out, F8 (Flyball, 78D, EV 110.0 MPH)
Top of the 4th over - 2 runs, 2 hits, 0 errors, 0 left on base; Washington 2 - Atlanta 0
BOTTOM OF THE 4TH
Atlanta Braves batting - Pitching for Washington Nationals : RHP Ernesto Rodríguez
Batting: RHB José Felisberto 0-0: Ball
1-0: Foul Ball, location: 9LDF
1-1: Foul Ball, location: 9LDF
1-2: Strikes out swinging
Batting: RHB Cale Scutt 0-0: Swinging Strike
0-1: Ball
1-1: Ball
2-1: Ball
3-1: Swinging Strike
3-2: Foul Ball, location: 2F
3-2: Fly out, F4 (Popup, 34, EV 65.6 MPH)
Batting: LHB Rob Blanchard 0-0: Called Strike
0-1: Ball
1-1: Ball
2-1: Ground out U3 (Groundball, 3S, EV 79.4 MPH)
Bottom of the 4th over - 0 runs, 0 hits, 0 errors, 0 left on base; Washington 2 - Atlanta 0
TOP OF THE 5TH
Washington Nationals batting - Pitching for Atlanta Braves : RHP Desiderio Volpe
Batting: LHB Bob Mundarain 0-0: Ball
1-0: Ground out 1-3 (Groundball, 13S, EV 71.3 MPH)
Batting: SHB Jorge Acosta 0-0: Ball
1-0: Ball
2-0: SINGLE (Line Drive, 6D, EV 98.1 MPH)
Batting: LHB Eric Tushinghem 0-0: Ball
1-0: Fly out, F8 (Line Drive, 8LS, EV 86.3 MPH)
Batting: LHB Dana Martin 0-0: Called Strike
0-1: Called Strike
0-2: Ground out 4-3 (Groundball, 34, EV 86.3 MPH)
Top of the 5th over - 0 runs, 1 hit, 0 errors, 1 left on base; Washington 2 - Atlanta 0
BOTTOM OF THE 5TH
Atlanta Braves batting - Pitching for Washington Nationals : RHP Ernesto Rodríguez
Batting: RHB Ted Coleman 0-0: Ball
1-0: Ball
2-0: Called Strike
2-1: SINGLE (Groundball, 34S, EV 63.1 MPH) (infield hit)
Batting: LHB Andy Simmons 0-0: Called Strike
Ted Coleman is caught stealing 2nd base 2-6
0-1: Ball
1-1: Foul Ball, location: 9LMFF
1-2: Ball
2-2: Ball
3-2: Base on Balls
Batting: RHB Juan Cuevas 0-0: Called Strike
0-1: Foul Ball, location: 2RF
0-2: Ball
1-2: Ball
2-2: Ball
3-2: Grounds into double play, 6-4-3 (Groundball, 6, EV 110.0 MPH)
Bottom of the 5th over - 0 runs, 1 hit, 0 errors, 0 left on base; Washington 2 - Atlanta 0
TOP OF THE 6TH
Washington Nationals batting - Pitching for Atlanta Braves : RHP Desiderio Volpe
Batting: SHB Luis Mota 0-0: Called Strike
0-1: Foul Ball, location: 5F
0-2: Ball
1-2: Ball
2-2: Strikes out swinging, 2-3 out at first.
Batting: SHB António Villarreal 0-0: Swinging Strike
0-1: Swinging Strike
0-2: Strikes out looking
Batting: RHB Doug Watts 0-0: Ball
1-0: Fly out, F9 (Line Drive, 89S, EV 90.6 MPH)
Top of the 6th over - 0 runs, 0 hits, 0 errors, 0 left on base; Washington 2 - Atlanta 0
BOTTOM OF THE 6TH
Atlanta Braves batting - Pitching for Washington Nationals : RHP Ernesto Rodríguez
Batting: LHB Bob Hansen 0-0: Ball
1-0: Ball
2-0: Foul Ball, location: 5F
2-1: Ball
3-1: Called Strike
3-2: Foul Ball, location: 3F
3-2: SOLO HOME RUN (Flyball, 9LD, EV 93.8 MPH), Distance : 344 ft
Batting: RHB Andy Scott 0-0: Ball
1-0: Ball
2-0: Called Strike
2-1: Fly out, F5 (Line Drive, 6, EV 65.6 MPH)
Batting: LHB Orlando Cháves 0-0: Ball
1-0: Foul Ball, location: 2F
1-1: Ground out 4-3 (Groundball, 34, EV 105.6 MPH)
Batting: RHB José Felisberto 0-0: Called Strike
0-1: Called Strike
0-2: Strikes out swinging
Bottom of the 6th over - 1 run, 1 hit, 0 errors, 0 left on base; Washington 2 - Atlanta 1
TOP OF THE 7TH
Washington Nationals batting - Pitching for Atlanta Braves : RHP Desiderio Volpe
Batting: LHB Brad Numbers 0-0: Foul Ball, location: 5F
0-1: Swinging Strike
0-2: Ball
1-2: Strikes out swinging
Batting: SHB Dave Dulin 0-0: Ball
1-0: Ball
2-0: Called Strike
2-1: Ball
3-1: Called Strike
3-2: Foul Ball, location: 3F
3-2: Ground out U3 (Groundball, 3, EV 79.4 MPH)
Batting: LHB Bob Mundarain 0-0: Ball
1-0: Ball
2-0: Ball
3-0: Called Strike
3-1: Foul Ball, location: 2F
3-2: Base on Balls
Batting: SHB Jorge Acosta 0-0: Ball
1-0: Called Strike
1-1: Swinging Strike
1-2: Ball
2-2: SINGLE (Groundball, 4MD, EV 93.8 MPH)
Bob Mundarain to second
Pinch Runner at 2nd Dwayne Charles:
Batting: LHB Eric Tushinghem 0-0: Ball
1-0: SINGLE (Line Drive, 6MD, EV 108.1 MPH)
Dwayne Charles to third
Jorge Acosta to second
Runner from 3rd tries for Home, SAFE, throw by CF to home
Batting: LHB Dana Martin 0-0: Fly out, F8 (Flyball, 8RS, EV 86.3 MPH)
Top of the 7th over - 1 run, 2 hits, 0 errors, 2 left on base; Washington 3 - Atlanta 1
BOTTOM OF THE 7TH
Atlanta Braves batting - Pitching for Washington Nationals : RHP Ernesto Rodríguez
Now in RF: Cal Brown
Batting: RHB Cale Scutt 0-0: Called Strike
0-1: Swinging Strike
0-2: Ball
1-2: Ball
2-2: Ball
3-2: Base on Balls
Batting: LHB Rob Blanchard 0-0: Ball
1-0: Ball
2-0: Foul Ball, location: 2F
2-1: Swinging Strike
2-2: Strikes out swinging
Batting: RHB Ted Coleman 0-0: Ball
1-0: Ball
2-0: Called Strike
2-1: Called Strike
2-2: Foul Ball, location: 7LDF
2-2: Foul Ball, location: 3FF
2-2: Foul Ball, location: 7LSF
2-2: DOUBLE (Line Drive, 78XD, EV 109.4 MPH)
Cale Scutt to third
Batting: LHB Andy Simmons 0-0: Called Strike
0-1: Hit by Pitch
Pitching: RHP Jimmy Reid
Pinch Hitting: LHB Artie Davis 0-0: Fly out, F8 (Flyball, 8RM, EV 75.0 MPH)
Runner from 3rd tags up, SCORES, throw by CF
Batting: LHB Bob Hansen 0-0: Ball
1-0: Ball
2-0: Foul Ball, location: 9LSF
2-1: Ball
3-1: Swinging Strike
3-2: Strikes out swinging
Bottom of the 7th over - 1 run, 1 hit, 0 errors, 2 left on base; Washington 3 - Atlanta 2
TOP OF THE 8TH
Washington Nationals batting - Pitching for Atlanta Braves : RHP Desiderio Volpe
Now at SS: Ed Simmons
Batting: SHB Luis Mota 0-0: Ball
1-0: Called Strike
1-1: Foul Ball, location: 23FF
1-2: Foul Ball, location: 3FF
1-2: SINGLE (Line Drive, 34, EV 95.0 MPH)
Pitching: RHP Chad Ford
Batting: SHB António Villarreal 0-0: Foul Ball, location: 7LDF
0-1: Ball
1-1: Ball
2-1: Foul Ball, location: 2F
2-2: Ball
3-2: Grounds into double play, 4-6-3 (Groundball, 4, EV 104.4 MPH)
Batting: RHB Doug Watts 0-0: Foul Ball, location: 25FF
0-1: Foul Ball, location: 3DF
0-2: Foul Ball, location: 2F
0-2: Fly out, F9 (Flyball, 9S, EV 91.3 MPH)
Top of the 8th over - 0 runs, 1 hit, 0 errors, 0 left on base; Washington 3 - Atlanta 2
BOTTOM OF THE 8TH
Atlanta Braves batting - Pitching for Washington Nationals : RHP Jimmy Reid
Batting: RHB Andy Scott 0-0: Ball
1-0: Fly out, F9 (Flyball, 89D, EV 94.4 MPH)
Batting: LHB Orlando Cháves 0-0: Foul Ball, location: 2F
0-1: Ball
1-1: Ball
2-1: Swinging Strike
2-2: Ball
3-2: Foul Ball, location: 2F
3-2: Strikes out swinging
Batting: RHB José Felisberto 0-0: Ball
1-0: Fly out, F8 (Flyball, 8LM, EV 91.3 MPH)
Bottom of the 8th over - 0 runs, 0 hits, 0 errors, 0 left on base; Washington 3 - Atlanta 2
TOP OF THE 9TH
Washington Nationals batting - Pitching for Atlanta Braves : RHP Chad Ford
Pitching: LHP Darren Riley
Batting: RHB Dave Kondo 0-0: Called Strike
0-1: Ball
1-1: Ball
2-1: Swinging Strike
2-2: Ball
3-2: Foul Ball, location: 2F
3-2: Strikes out swinging
Batting: SHB Dave Dulin 0-0: Swinging Strike
0-1: Ball
1-1: Ball
2-1: Ball
3-1: Foul Ball, location: 3DF
3-2: Ground out 5-3 (Groundball, 56S, EV 107.5 MPH)
Batting: LHB Cal Brown 0-0: Ball
1-0: Swinging Strike
1-1: Swinging Strike
1-2: Strikes out swinging
Top of the 9th over - 0 runs, 0 hits, 0 errors, 0 left on base; Washington 3 - Atlanta 2
BOTTOM OF THE 9TH
Atlanta Braves batting - Pitching for Washington Nationals : RHP Jimmy Reid
Pitching: LHP Tuu-ko-ihu Kaleo
Now at 2B: Juan Palácios
Batting: RHB Cale Scutt 0-0: Called Strike
0-1: Ball
1-1: Ball
2-1: SOLO HOME RUN (Flyball, 7D, EV 98.8 MPH), Distance : 376 ft
Pinch Hitting: RHB Wilson Ramírez 0-0: Swinging Strike
0-1: Foul Ball, location: 2F
0-2: Strikes out swinging
Batting: RHB Ted Coleman 0-0: Called Strike
0-1: Ball
1-1: Swinging Strike
1-2: Strikes out swinging
Pinch Hitting: RHB Skip Larson 0-0: Ball
1-0: Ball
2-0: Ball
3-0: Base on Balls
Batting: RHB Ed Simmons 0-0: Ground out 1-3 (Groundball, 15S, EV 64.4 MPH)
Bottom of the 9th over - 1 run, 1 hit, 0 errors, 1 left on base; Washington 3 - Atlanta 3
TOP OF THE 10TH
Washington Nationals batting - Pitching for Atlanta Braves : LHP Darren Riley
Cal Brown starts the inning at 2nd base.
Pitching: LHP Jeff West
Now at 3B: Artie McCall
Now in LF: Ted Coleman
Now in RF: Wilson Ramírez
Batting: SHB Jorge Acosta 0-0: Fly out, F8 (Flyball, 78D, EV 108.1 MPH)
Batting: LHB Eric Tushinghem 0-0: Ball
1-0: Ball
2-0: Swinging Strike
2-1: Swinging Strike
2-2: Strikes out swinging
Batting: LHB Dana Martin 0-0: Called Strike
0-1: Ball
1-1: Called Strike
1-2: Strikes out swinging
Top of the 10th over - 0 runs, 0 hits, 0 errors, 1 left on base; Washington 3 - Atlanta 3
BOTTOM OF THE 10TH
Atlanta Braves batting - Pitching for Washington Nationals : LHP Tuu-ko-ihu Kaleo
Ed Simmons starts the inning at 2nd base.
Pinch Hitting: RHB Alex Fleming 0-0: Sac Bunt to 13S - play at first, batter OUT! 1-3
Ed Simmons to third
Batting: RHB Andy Scott 0-0: Swinging Strike
0-1: Foul Ball, location: 9LSF
0-2: SINGLE (Groundball, 56D, EV 101.9 MPH)
Ed Simmons scores
Bottom of the 10th over - 1 run, 1 hit, 0 errors, 1 left on base; Washington 3 - Atlanta 4
Sunday, March 24th , 2024 - OOTP Baseball 24.10 Build 82